 Dungeon Crawl Stone Soup version 0.24-a0-458-gfcb5e6da0e (webtiles) character file.

Game seed: 10234414765728140981

37999 Azzok the Severer (level 13, -2/94 HPs)
             Began as a Centaur Fighter on June 27, 2019.
             Was a High Priest of Sif Muna.
             Slain by an orc warlord
             ... wielding a +5 dire flail of venom
              (8 damage)
             ... on level 11 of the Dungeon.
             The game lasted 00:37:17 (27341 turns).

Azzok the Severer (Centaur Fighter)                Turns: 27341, Time: 00:37:18

Health: -2/94      AC: 18    Str: 25    XL:     13   Next: 61%
Magic:  22/22      EV:  6    Int: 10    God:    Sif Muna [*****.]
Gold:   813        SH:  0    Dex: 10    Spells: 12/12 levels left

rFire    + . .     SeeInvis .   g - +2 battleaxe (freeze)
rCold    + . .     Gourm    .   (shield currently unavailable)
rNeg     . . .     Faith    .   F - +0 plate armour
rPois    .         Spirit   .   L - +2 hat
rElec    +         Reflect  .   A - +1 cloak of Starlight {rElec rC+ EV+4 Stlth--}
rCorr    .         Harm     .   a - +0 pair of gloves
MR       .....                  c - +0 centaur barding
Stlth    ..........             (no amulet)
HPRegen  0.25/turn              q - ring "Ucodid" {Str+2 Int+3}
MPRegen  0.18/turn              J - ring of protection from fire

@: confused, lethally poisoned (-2 -> -39), hasted, very quick
A: large, hooves 3, deformed body, speed 2, tough skin 3
a: Channel Magic, Forget Spell, Divine Exegesis, Renounce Religion


You were on level 11 of the Dungeon.
You worshipped Sif Muna.
Sif Muna was extremely pleased with you.
You were not hungry.

You visited 3 branches of the dungeon, and saw 20 of its levels.

You collected 813 gold pieces.

Inventory:

Hand Weapons
 g - a +2 battleaxe of freezing (weapon)
 r - a +4 quarterstaff of chaos
 G - a +2 hand axe of chopping
Armour
 a - a +0 pair of gloves (worn)
 c - a +0 centaur barding (worn)
 A - the +1 cloak of Starlight (worn) {rElec rC+ EV+4 Stlth--}
   (You found it on level 5 of the Dungeon)

   It affects your evasion (+4).
   It protects you from cold.
   It insulates you from electricity.
   It makes you much less stealthy.
 F - a +0 plate armour (worn)
 L - a +2 hat (worn)
Jewellery
 h - an uncursed ring of ice
 p - an uncursed ring of positive energy
 q - the ring "Ucodid" (left hand) {Str+2 Int+3}
   (You found it on level 10 of the Dungeon)

   [ring of intelligence]

   It affects your strength (+2).
   It affects your intelligence (+3).
 s - an uncursed ring of see invisible
 t - an uncursed ring of positive energy
 J - a ring of protection from fire (right hand)
Wands
 y - a wand of iceblast (10)
Scrolls
 b - a scroll of summoning {unknown}
 d - a scroll of silence {unknown}
 e - 5 scrolls of teleportation {unknown}
 i - a scroll of noise {unknown}
 j - 3 scrolls of enchant weapon {unknown}
 k - 2 scrolls of fear {unknown}
 l - 7 scrolls of remove curse
 v - 3 scrolls of fog
 B - 5 scrolls of immolation
 H - 3 scrolls of blinking
 K - a scroll of enchant armour
Potions
 u - 2 potions of brilliance
 w - 4 potions of mutation {!q}
 x - 3 potions of haste
 z - 2 potions of flight
 C - a potion of ambrosia
Comestibles
 f - 11 rations


   Skills:
 - Level 3.0 Fighting
 + Level 15.7 Axes
 - Level 2.1 Armour
   Level 2.1 Shields
 + Level 13.0 Invocations
 - Level 9.0 Evocations


You had 12 spell levels left.
You didn't know any spells.
Your spell library contained the following spells:

 Spells                   Type           Power        Failure   Level  Hunger
 Beastly Appendage        Tmut           #.....       100%        1    ##.....
 Corona                   Hex            #......      100%        1    ##.....
 Sting                    Conj/Pois      #...         100%        1    ##.....
 Poisonous Vapours        Pois/Air       #.....       100%        2    ###....
 Shroud of Golubria       Chrm/Tloc      #.....       100%        2    ###....
 Slow                     Hex            #.......     100%        2    ###....
 Sticks to Snakes         Tmut           #.......     100%        2    ###....
 Swiftness                Chrm/Air       #.......     100%        2    ###....
 Mephitic Cloud           Conj/Pois/Air  #.......     100%        3    ####...
 Spectral Weapon          Hex/Chrm       #.......     100%        3    ####...
 Spider Form              Tmut/Pois      #.........   100%        3    ####...
 Ice Form                 Ice/Tmut       #.......     100%        4    #####..
 Leda's Liquefaction      Hex/Erth       #.........   100%        4    #####..
 Olgreb's Toxic Radiance  Pois           #.......     100%        4    #####..
 Blade Hands              Tmut           #.........   100%        5    ######.
 Summon Mana Viper        Hex/Summ       #.......     100%        5    ######.
 Venom Bolt               Conj/Pois      #.........   100%        5    ######.
 Deflect Missiles         Chrm/Air       #.........   100%        6    #######
 Malign Gateway           Summ/Tloc      #.........   100%        7    #######
 Controlled Blink         Tloc           N/A          100%        8    #######


Dungeon Overview and Level Annotations

Branches:
Dungeon (13/15)            Temple (0/1) D:7            Lair (6/6) D:11
  Swamp (0/4) Lair:4       Spider (0/4) Lair:4        Slime (0/5) Lair:6
    Orc (1/2) D:11
 Vaults: D:13-14

Altars:
Kikubaaqudgha
Okawaru
Sif Muna
Uskayaw
Wu Jian
Zin
The Shining One

Shops:
D:9 %

Annotations:
D:10 4 runed translucent doors
Lair:5 exclusion: downstairs


Innate Abilities, Weirdness & Mutations

You have hooves in place of feet.
Armour fits poorly on your strangely shaped body.
You cover ground very quickly.
You have extremely tough skin. (AC +3)


Message History

You feel very sick.
Okay, then.
* * * LOW HITPOINT WARNING * * *
You feel sick.
* * * LOW HITPOINT WARNING * * *
You feel sick.
You are confused.
You feel invigorated.
* * * LOW HITPOINT WARNING * * *
You feel sick.
* * * LOW HITPOINT WARNING * * *
You feel sick.
* * * LOW HITPOINT WARNING * * *
You feel sick.
* * * LOW HITPOINT WARNING * * *
You feel sick.
* * * LOW HITPOINT WARNING * * *
You feel sick.
The orc warlord hits you with a +5 dire flail of venom!
You die...

···········▒ ▒······[··▒▒····▒▒
···········▒ ▒···)·····▒▒······
♣·>······P·▒ ▒····▒▒···········
···········▒▒▒▒▒····▒▒···········
············▒▒···················
·······P····▒▒·>[················
·····P·♣··········▒▒···)··[··[·)·
············▒···o·▒▒·········[>[·
)P··········▒···@············[···
············▒▒···················
▒▒▒▒▒)▒▒▒▒▒▒▒▒·····▒▒·······)▒▒▒·
▒·▒ ▒▒····▒▒········)··· ▒·▒
▒·················· ▒·▒
▒········▒▒········ ▒·▒▒
▒········▒▒····▒▒·· ▒··▒
▒··············▒▒·· ▒▒'▒▒▒
▒▒·················


You could see an orc warlord.

Vanquished Creatures
  4 hydras
  2 two-headed ogres
  Urug (Lair:5)
  Pikel (D:5)
  A harpy (Lair:6)
  An orb spider (Lair:4)
  An orc sorcerer (D:11)
  2 ugly things (D:12)
  2 cyclopes (D:11)
  2 black mambas
  4 spiny frogs
  A centaur skeleton (D:11)
  5 rime drakes
  4 komodo dragons
  3 trolls
  A polar bear (Lair:5)
  A hornet (Lair:5)
  Prince Ribbit (D:7)
  7 blink frogs
  6 slime creatures
  7 hippogriffs
  A spriggan (D:10)
  6 wyverns
  50 yaks
  2 humans (D:7)
  2 basilisks
  2 fire bats (Lair:4)
  A fire elemental (D:12)
  A hungry ghost (D:12)
  8 vampire mosquitoes (D:12)
  A warg (D:12)
  A soldier ant (D:11)
  8 water moccasins
  16 porcupines
  A hornet zombie (D:10)
  A necrophage (D:11)
  5 orc warriors
  3 ice beasts
  A sky beast (D:8)
  2 black bears
  6 ogres
  9 centaurs
  A phantom (D:3)
  9 crocodiles
  2 big kobolds
  16 bullfrogs
  5 scorpions
  7 killer bees
  16 wights
  2 howler monkeys
  2 lava snakes
  3 crimson imps
  2 bullfrog zombies
  5 hounds
  2 quasits
  3 centaur zombies
  6 jellies
  Crazy Yiuf (D:2)
  7 orc priests
  5 orc wizards
  3 bullfrog skeletons
  Jessica (D:2)
  Terence (D:2)
  6 iguanas
  10 worker ants
  A hound zombie (D:10)
  A hound skeleton (D:5)
  8 gnolls
  12 adders
  A shadow imp (D:9)
  4 oozes
  An adder zombie (D:9)
  A worm (D:2)
  3 dart slugs
  A leopard gecko (D:1)
  31 orcs
  A bat zombie (D:6)
  8 giant cockroaches
  9 goblins
  11 hobgoblins
  16 kobolds
  6 quokkas
  4 ball pythons
  12 bats
  5 frilled lizards
  A leopard gecko zombie (D:5)
  9 rats
  4 rat zombies (D:6)
  A fungus (Lair:6)
  2 plants
452 creatures vanquished.

Vanquished Creatures (others)
  A slave (D:6)
  A bullfrog skeleton (D:6)
  A worker ant (D:6)
  3 bushes (D:11)
  11 fungi
  37 plants
54 creatures vanquished.

Grand Total: 506 creatures vanquished

Notes
Turn   | Place    | Note
-------+----------+-------------------------------------------
     0 | D:1      | Azzok the Centaur Fighter began the quest for the Orb.
     0 | D:1      | Reached XP level 1. HP: 19/19 MP: 1/1
    73 | D:1      | Reached skill level 2 in Axes
   252 | D:1      | Reached XP level 2. HP: 23/26 MP: 2/2
   516 | D:1      | Reached skill level 3 in Axes
   521 | D:1      | Reached XP level 3. HP: 26/31 MP: 3/3
  1100 | D:2      | Noticed Terence
  1123 | D:2      | Killed Terence
  1123 | D:2      | Reached skill level 4 in Axes
  1123 | D:2      | Reached XP level 4. HP: 26/38 MP: 4/4
  1724 | D:2      | Noticed Jessica
  1740 | D:2      | Killed Jessica
  1740 | D:2      | Reached XP level 5. HP: 40/45 MP: 5/5
  1782 | D:2      | Found a runed translucent door.
  1783 | D:2      | Noticed Crazy Yiuf
  1871 | D:2      | Found a glowing golden altar of the Shining One.
  1872 | D:2      | Found a hide-covered altar of Uskayaw.
  1987 | D:2      | Killed Crazy Yiuf
  1987 | D:2      | Reached skill level 5 in Axes
  2537 | D:3      | Noticed a phantom
  2550 | D:3      | Killed a phantom
  2550 | D:3      | Reached XP level 6. HP: 36/51 MP: 6/6
  2799 | D:3      | Reached skill level 6 in Axes
  3475 | D:4      | Reached skill level 7 in Axes
  3475 | D:4      | Reached XP level 7. HP: 56/57 MP: 7/7
  3667 | D:5      | Entered Level 5 of the Dungeon
  3743 | D:5      | Found the +1 cloak of Starlight {rElec rC+ EV+4 Stlth--}
  4143 | D:5      | Reached skill level 8 in Axes
  4550 | D:5      | Found an ornate altar of the Wu Jian Council.
  4702 | D:6      | Reached XP level 8. HP: 52/63 MP: 8/8
  4765 | D:6      | Noticed Pikel
  4796 | D:5      | Paralysed by Pikel for 5 turns
  4803 | D:5      | Killed Pikel
  4803 | D:5      | Reached skill level 9 in Axes
  4847 | D:6      | Reached skill level 10 in Axes
  5179 | D:6      | Reached XP level 9. HP: 42/69 MP: 9/9
  5185 | D:6      | Reached skill level 11 in Axes
  5562 | D:6      | Found a deep blue altar of Sif Muna.
  5657 | D:6      | Became a worshipper of Sif Muna the Loreminder
  5826 | D:6      | Found an ancient bone altar of Kikubaaqudgha.
  5906 | D:7      | Found an iron altar of Okawaru.
  6009 | D:7      | Found a staircase to the Ecumenical Temple.
  6095 | D:7      | Noticed Prince Ribbit
  6117 | D:7      | Killed Prince Ribbit
  6117 | D:7      | Reached skill level 12 in Axes
  6758 | D:8      | Reached skill level 1 in Invocations
  6758 | D:8      | Reached skill level 1 in Evocations
  7550 | D:8      | Reached XP level 10. HP: 77/77 MP: 12/12
  7573 | D:8      | Found a glowing silver altar of Zin.
  8535 | D:9      | Reached * piety under Sif Muna
  8837 | D:9      | Found Quner's Food Boutique.
  9028 | D:9      | Reached skill level 5 in Invocations
  9469 | D:10     | Entered Level 10 of the Dungeon
  9664 | D:10     | You fall into a shaft and drop 3 floors!
  9726 | D:12     | Reached skill level 13 in Axes
  9729 | D:12     | Reached skill level 5 in Evocations
 10053 | D:12     | Noticed a green ugly thing
 10073 | D:12     | Killed a green ugly thing
 10114 | D:12     | Reached ** piety under Sif Muna
 10158 | D:12     | Reached XP level 11. HP: 74/82 MP: 15/15
 10461 | D:12     | HP: 4/82 [poisoned by a killer bee]
 10466 | D:12     | HP: 3/82 [poisoned by a killer bee]
 10473 | D:12     | HP: 3/82 [poisoned by a killer bee]
 10481 | D:12     | HP: 3/82 [poisoned by a killer bee]
 11048 | D:11     | Noticed a two-headed ogre
 11534 | D:12     | Killed a two-headed ogre
 11671 | D:12     | Noticed a brown ugly thing
 11682 | D:12     | Killed a brown ugly thing
 12259 | D:11     | Found a staircase to the Orcish Mines.
 12466 | D:11     | Reached *** piety under Sif Muna
 13012 | D:11     | Noticed a two-headed ogre
 13016 | D:11     | Killed a two-headed ogre
 13535 | D:11     | Found a staircase to the Lair.
 14604 | D:10     | Found a large runed translucent door.
 14604 | D:10     | Found a large runed translucent door.
 14619 | D:10     | Found a large runed translucent door.
 14619 | D:10     | Noticed a skeletal warrior
 14620 | D:10     | Noticed a centaur warrior
 14622 | D:10     | Found a large runed translucent door.
 14651 | D:10     | Reached skill level 14 in Axes
 14651 | D:10     | Reached XP level 12. HP: 76/89 MP: 18/18
 14723 | D:10     | Reached **** piety under Sif Muna
 14972 | D:10     | Got a bound platinum ring
 15009 | D:10     | Identified the ring "Ucodid" {Str+2 Int+3} (You found it on
                  | level 10 of the Dungeon)
 15938 | Lair:1   | Entered Level 1 of the Lair of Beasts
 15941 | Lair:1   | You fall into a shaft and drop 1 floor!
 16129 | Lair:1   | Noticed an eight-headed hydra
 16162 | Lair:1   | Killed a nine-headed hydra
 16356 | Lair:1   | Reached skill level 10 in Invocations
 18268 | Lair:2   | Reached ***** piety under Sif Muna
 18321 | Lair:2   | Identified Oschoosi's Collected Works on Dislocated
                  | Enhancements (Sif Muna gifted it to you on level 2 of the
                  | Lair of Beasts)
 18321 | Lair:2   | Received a gift from Sif Muna
 20092 | Lair:3   | HP: 1/89 [blink frog (9)]
 20098 | Lair:3   | HP: 2/89 [blink frog (12)]
 20646 | Lair:3   | Reached XP level 13. HP: 84/94 MP: 21/21
 20651 | Lair:3   | Reached skill level 15 in Axes
 22204 | Lair:4   | You fall into a shaft and drop 2 floors!
 22204 | Lair:6   | Entered Level 6 of the Lair of Beasts
 22222 | Lair:6   | Found a staircase to the Slime Pits.
 23033 | Lair:4   | Found a staircase to the Swamp.
 23456 | Lair:4   | Found a hole to the Spider Nest.
 24228 | Lair:5   | Noticed Urug
 24263 | Lair:5   | Killed Urug
 24680 | Lair:5   | HP: 3/94 [black mamba (8)]
 24683 | Lair:5   | HP: 1/94 [black mamba (11)]
 25930 | Lair:5   | Paralysed by a hornet for 2 turns
 25935 | Lair:5   | Identified Sif Muna's Collected Works on Enchantment (Sif
                  | Muna gifted it to you on level 5 of the Lair of Beasts)
 25935 | Lair:5   | Received a gift from Sif Muna
 26467 | Orc:1    | Entered Level 1 of the Orcish Mines
 26467 | Orc:1    | Noticed an orc warlord
 27336 | D:11     | HP: 4/94 [poisoned by an orc warlord]
 27341 | D:11     | Slain by an orc warlord

Levels and vault maps discovered:
D:1:      wheals_arrival_linesprint, layout_loops_cross, minmay_ruptured
D:2:      layout_basic, gammafunk_temple_overflow_statue, uniq_terence,
          uniq_crazy_yiuf_cottage, uniq_jessica
D:3:      layout_rooms
D:4:      layout_gridville, minmay_manual_mares
D:5:      layout_basic, lemuel_doored_altar, nicolae_overflow_hidden_temple,
          first_ration
D:6:      layout_basic, lemuel_blue_sif_altar,
          lemuel_zombie_altar_kikubaaqudgha, uniq_pikel
D:7:      layout_cave_pods, okawaru_humans, minmay_temple_entry_mini_moons,
          uniq_prince_ribbit1
D:8:      layout_basic, zin_treasury
D:9:      layout_long_grid, serial_shops, shop_statue
D:10:     layout_irregular_city, the_bakery, minmay_hollow_rounded_squares
D:11:     layout_roguey, minmay_lair_entry_grove, erik_orc_4
D:12:     layout_stronghold, basic_altar, kennysheep_island_fort
D:13:     layout_roguey, david_vaults_3, serial_shops, shop, serial_park_tiny_1,
          nicolae_two_hexagons, minmay_shattered_shrine
Lair:1:   layout_regular_city, st_stairs_4, beast_lair_carwin_8,
          lemuel_fruit_fields
Lair:2:   layout_layer_cave, infiniplex_staircase_pool, grunt_megastairs_3
Lair:3:   layout_long_grid, fungi_pond_lemuel, hibernation_bobbens
Lair:4:   layout_gridlike, minmay_swamp_entry_reptiles,
          nicolae_spider_entry_orb_guardian
Lair:5:   layout_small_grid, uniq_urug
Lair:6:   gammafunk_lair_ancient_temple, layout_misc_corridors,
          minmay_slime_entry_pillars, serial_bayou_lagoon_b, uniq_nessos
Orc:1:    layout_diamond_mine, serial_shops, shop, uniq_erolcha, uniq_fannar,
          uniq_sonja

Skill      XL: |  1  2  3  4  5  6  7  8  9 10 11 12 13 |
---------------+----------------------------------------+-----
Axes           | 2 3 4 5 7 8 10 12 13 14 15 | 15.7
Invocations    | 3 6 9 11 13 | 13.0
Evocations     | 2 5 7 9 |  9.0
Fighting       | |  3.0
Armour         | |  2.1
Shields        | |  2.1

Action                   |  1- 3 |  4- 6 |  7- 9 | 10-12 | 13-15 || total
-------------------------+-------+-------+-------+-------+-------++-------
Melee: War axe           |    46 |       |       |       |       ||    46
       Kick              |    22 |    23 |    57 |   215 |    76 ||   393
       Short sword       |    59 |    25 |       |       |       ||    84
       Dagger            |       |    74 |       |       |       ||    74
       Quarterstaff      |       |    64 |   270 |    85 |       ||   419
       Battleaxe         |       |       |       |   714 |   258 ||   972
Throw: Throwing net      |       |       |       |       |     1 ||     1
Evoke: Wand              |       |       |       |     3 |    10 ||    13
  Use: Scroll            |       |       |    10 |     6 |     7 ||    23
       Potion            |       |       |       |     7 |     9 ||    16
 Stab: Petrified         |       |       |     3 |       |       ||     3
       Paralysed         |       |       |     1 |     1 |       ||     2
  Eat: Chunk             |       |     7 |    11 |    19 |     4 ||    41
       Ration            |       |       |       |     6 |     5 ||    11
Armor: Scale mail        |    52 |   110 |    44 |       |       ||   206
       Plate armour      |       |       |    98 |   592 |   185 ||   875
Dodge: Dodged            |    20 |    36 |   132 |   287 |    75 ||   550
Block: Shield            |    40 |    41 |       |       |       ||    81

Table legend:
 A = Non-vault XP
 B = Vault XP
 C = Vault XP percentage of total XP
 D = Non-vault monster count
 E = Vault monster count
 F = Vault count percentage of total count
                 A         B        C        D         E       F
            +---------+---------+-------+---------+---------+-------
      Total |   39636 |   14649 |  27.0 |     360 |      89 |  19.8
            +---------+---------+-------+---------+---------+-------
        D:1 |      67 |       4 |   5.6 |      29 |       2 |   6.5
        D:2 |      62 |     114 |  64.8 |      28 |       3 |   9.7
        D:3 |     214 |       0 |   0.0 |      26 |       0 |   0.0
        D:4 |      97 |     225 |  69.9 |       5 |       2 |  28.6
        D:5 |     512 |     629 |  55.1 |      18 |       1 |   5.3
        D:6 |    1478 |       6 |   0.4 |      23 |       5 |  17.9
        D:7 |     256 |     681 |  72.7 |       8 |       3 |  27.3
        D:8 |    1649 |       0 |   0.0 |      27 |       0 |   0.0
        D:9 |    2393 |       0 |   0.0 |      21 |       0 |   0.0
       D:10 |    3918 |    1113 |  22.1 |      35 |      10 |  22.2
       D:11 |    5512 |    2035 |  27.0 |      33 |      24 |  42.1
       D:12 |    4877 |     378 |   7.2 |      27 |       4 |  12.9
       D:13 |      32 |       0 |   0.0 |       1 |       0 |   0.0
     Lair:1 |    2407 |    1554 |  39.2 |      10 |      10 |  50.0
     Lair:2 |    3557 |    2296 |  39.2 |      18 |       8 |  30.8
     Lair:3 |    5462 |       0 |   0.0 |      23 |       0 |   0.0
     Lair:4 |    2148 |    1843 |  46.2 |      12 |       5 |  29.4
     Lair:5 |    2387 |    2069 |  46.4 |       9 |       6 |  40.0
     Lair:6 |    2608 |    1702 |  39.5 |       7 |       6 |  46.2
            +---------+---------+-------+---------+---------+-------
